 Dungeon Crawl Stone Soup version 0.21.1-1-g345015f (webtiles) character file.

42 deszczowiec the Firebug (level 3, 0/24 HPs)
             Began as a Demonspawn Fire Elementalist on Feb 11, 2018.
             Slain by a worm (10 damage)
             ... on level 2 of the Dungeon.
             The game lasted 00:11:16 (1296 turns).

deszczowiec the Firebug (DsFE)                      Turns: 1296, Time: 00:11:17

Health: 0/24       AC:  5    Str:  8    XL:     3   Next: 33%
Magic:  0/6        EV: 12    Int: 17    God:
Gold:   64         SH:  0    Dex: 13    Spells: 3/6 levels left

rFire    + . .     SeeInvis .   d - +1 club
rCold    . . .     Gourm    .   (no shield)
rNeg     . . .     Faith    .   a - +1 robe
rPois    .         Spirit   .   (no helmet)
rElec    .         Reflect  .   (no cloak)
rCorr    .         Harm     .   (no gloves)
MR       .....                  (no boots)
Stlth    ++........             (no amulet)
HPRegen  0.08/turn              (no ring)
MPRegen  0.10/turn              (no ring)

@: no status effects
A: thin metallic scales 1, fire resistance 1
a: no special abilities


You were on level 2 of the Dungeon.
You were not hungry.

You visited 1 branch of the dungeon, and saw 2 of its levels.

You collected 64 gold pieces.

Inventory:

Hand Weapons
 d - a +1 club (weapon)
Armour
 a - a +1 robe (worn)
Potions
 h - a potion of mutation
 j - 2 potions of brilliance
Books
 b - a book of Flames

   Spells                             Type                      Level
   a - Flame Tongue                   Conjuration/Fire             1
   b - Throw Flame                    Conjuration/Fire             2
   c - Conjure Flame                  Conjuration/Fire             3
   d - Inner Flame                    Hexes/Fire                   3
   e - Sticky Flame                   Conjuration/Fire             4
   f - Fireball                       Conjuration/Fire             5
Comestibles
 c - 2 rations


   Skills:
 + Level 1.1 Maces & Flails
 - Level 1.7 Dodging
 - Level 1.8 Stealth
 + Level 2.4 Spellcasting
 + Level 1.8 Conjurations
 + Level 3.1 Fire Magic


You had 3 spell levels left.
You knew the following spells:

 Your Spells              Type           Power        Failure   Level  Hunger
a - Flame Tongue          Conj/Fire      ##...        7%          1    #......
b - Throw Flame           Conj/Fire      ##....       10%         2    ##.....


Dungeon Overview and Level Annotations

Branches:
Dungeon (2/15)

Altars:

Annotations:
D:2 Natasha


Innate Abilities, Weirdness & Mutations

You are partially covered in thin metallic scales. (AC +2)
Your flesh is heat resistant. (rF+)


Message History

The flame tongue hits the worm.
The worm is heavily wounded.
The worm barely misses you.
You hit the worm but do no damage.
The worm is heavily wounded.
The worm bites you but does no damage.
You hit the worm.
The worm is heavily wounded.
You hit the worm.
The worm is almost dead.
The worm bites you!
You are too injured to fight recklessly!
You are too injured to fight recklessly!
You hit the worm.
The worm is almost dead.
The worm barely misses you.
You barely miss the worm.
The worm is severely wounded.
The worm bites you!
You die...

########## ###########
#........###### #.........#
#........##...###......##.#
#.......ww@.#..##..#.#.#...
#......(.##.#......#.[...#.
.....#?####..##....##.#.#.#.
.$.# #. #..##....##...#.##
>. .. ....##..##........ .#w
..#.. #..##....#... .[..
#.#...####...#..... #. #.
#.#... ###. #. w. ...


You could see 2 worms.

Vanquished Creatures
  2 leopard geckos
  5 giant cockroaches
  5 goblins
  6 hobgoblins
  3 jackals (D:1)
  4 kobolds
  3 bats (D:1)
  2 frilled lizards
  3 rats (D:1)
33 creatures vanquished.

Notes
Turn   | Place    | Note
-------+----------+-------------------------------------------
     0 | D:1      | deszczowiec the Demonspawn Fire Elementalist began the quest for the Orb.
     0 | D:1      | Reached XP level 1. HP: 13/13 MP: 3/3
   172 | D:1      | Gained mutation: You are partially covered in thin metallic scales. (AC +2) [demonic ancestry]
   172 | D:1      | Reached XP level 2. HP: 19/19 MP: 3/5
   251 | D:1      | Learned a level 2 spell: Throw Flame
   477 | D:1      | Reached skill level 3 in Fire Magic
   652 | D:1      | Reached skill level 1 in Maces & Flails
   652 | D:1      | Gained mutation: Your flesh is heat resistant. (rF+) [demonic ancestry]
   652 | D:1      | Reached XP level 3. HP: 24/24 MP: 4/6
  1151 | D:2      | Noticed Natasha
  1296 | D:2      | Slain by a worm

Skill      XL: |  1  2 |
---------------+-------+-----
Fire Magic     | 3 |  3.1
Maces & Flails | 1 |  1.1
Dodging        | |  1.7
Stealth        | |  1.8
Spellcasting   | |  2.4
Conjurations   | |  1.8

Action                   || total
-------------------------++-------
Melee: Club              ||    43
Throw: Tomahawk          ||     2
 Cast: Flame Tongue      ||    49
       Throw Flame       ||     5
  Use: Scroll            ||     6
 Stab: Sleeping          ||     3
  Eat: Ration            ||     1
Armor: Robe              ||    21
Dodge: Dodged            ||    57
